 Dungeon Sprint DCSS version 0.27-a0-550-ge92ec0ca06 (webtiles) character file.

Game seed: 7718925715728338487

665 rocky1 the Geomancer (level 7, -3/43 HPs)
             Began as an Octopode Earth Elementalist on Mar 8, 2021.
             Was a High Priest of Sif Muna.
             Killed from afar by a lindwurm (30 damage)
             ... with a blast of flame
             ... in the Dungeon (Sprint VII: "The Pits").
             The game lasted 00:08:32 (1332 turns).

rocky1 the Geomancer (Octopode Earth Elementalist)  Turns: 1332, Time: 00:08:32

Health: -3/43      AC:  1    Str:  8    XL:     7   Next: 57%
Magic:  9/13       EV: 19    Int: 19    God:    Sif Muna [*****.]
Gold:   0          SH:  0    Dex: 15    Spells: 5/14 levels left

rFire    . . .     SeeInvis .   k - +0 quarterstaff (protect)
rCold    . . .     Faith    .   (shield currently unavailable)
rNeg     . . .     Spirit   .   (helmet restricted)
rPois    .         Reflect  .   (no amulet)
rElec    .         Harm     .   l - +3 ring of evasion
rCorr    .         Rampage  .   m - +3 ring of dexterity
Will     .....     NoTele   +   (no ring)
Stlth    +++.......             (no ring)
HPRegen  0.14/turn              (no ring)
MPRegen  0.13/turn              (no ring)
                                (no ring)
                                (no ring)

@: no status effects
A: almost no armour, amphibious, 8 rings, constrict 8, camouflage 1, gelatinous
body 1, nimble swimmer 1
a: Renounce Religion, Channel Magic, Forget Spell, Divine Exegesis


You were in the Dungeon.
You worshipped Sif Muna.
Sif Muna was extremely pleased with you.
You visited 1 branch

Inventory:

Hand Weapons
 k - a +0 quarterstaff of protection (weapon)
 o - a +4 quarterstaff of pain
Missiles
 b - 17 stones
Jewellery
 l - a +3 ring of evasion (left tentacle)
 m - a +3 ring of dexterity (right tentacle)
Scrolls
 h - a scroll of blinking
 i - 5 scrolls of amnesia
 j - a scroll of summoning
Potions
 a - 2 potions of invisibility
 c - 6 potions of heal wounds
 d - 7 potions of curing
 e - 5 potions of haste
 f - 3 potions of magic
 g - 4 potions of berserk rage
 n - a potion of brilliance


   Skills:
 + Level 1.2 Fighting
 + Level 1.2 Staves
 + Level 6.9 Dodging
 + Level 3.5 Stealth
 + Level 4.1 Spellcasting
 + Level 3.8 Conjurations
 + Level 1.2 Necromancy
 + Level 1.7 Transmutations
 + Level 11.3 Earth Magic
 + Level 7.1 Invocations


You had 5 spell levels left.
You knew the following spells:

 Your Spells              Type           Power      Damage    Failure   Level
a - Sandblast             Erth           94%        2d19      1%          1
b - Stone Arrow           Conj/Erth      64%        3d11      1%          3
c - Lee's Rapid Deconstr  Erth           23%        3d14*     3%          5

Your spell library contained the following spells:

 Spells                   Type           Power      Damage    Failure   Level
 Passwall                 Tmut/Erth      23%        N/A       1%          2
 Petrify                  Tmut/Erth      28%        N/A       9%          4
 Ensorcelled Hibernation  Hex/Ice        6%         N/A       21%         2
 Mephitic Cloud           Conj/Pois/Air  8%         N/A       24%         3
 Spider Form              Tmut/Pois      3%         N/A       28%         3
 Ozocubu's Armour         Ice            3%         N/A       38%         3
 Ice Form                 Ice/Tmut       7%         N/A       67%         4
 Metabolic Englaciation   Hex/Ice        1%         N/A       98%         5


Dungeon Overview and Level Annotations

Branches:
Dungeon (1/1)

Altars:
Ashenzari
Cheibriados
Dithmenos
Elyvilon
Fedhas
Gozag
Hepliaklqana
Kikubaaqudgha
Makhleb
Nemelex Xobeh
Okawaru
Qazlal
Ru
Sif Muna
Trog
Uskayaw
Vehumet
Wu Jian
Xom
Yredelemnul
Zin
The Shining One
Beogh
Jiyva
Lugonu


Innate Abilities, Weirdness & Mutations

You cannot wear most types of armour.
You are amphibious.
You can wear up to eight rings at the same time.
You can use your tentacles to constrict eight enemies at once.
Your skin changes colour to match your surroundings (Stealth+).
Your rubbery body absorbs attacks. (AC +1, EV +1)
You are stealthy while swimming. (Stealth+)


Message History

A metal wall.
The metal wall shatters!
The blast of metal fragments hits the steam dragon!!
The steam dragon is severely wounded.
The steam dragon hisses angrily.
The blast of metal fragments hits the lindwurm!
The lindwurm is lightly wounded.
The lindwurm roars!
The steam dragon breathes steam at you. The ball of steam misses you.
Unknown command.
Unknown command.
The steam dragon breathes steam at you. The ball of steam hits you!
Casting: Lee's Rapid Deconstruction (quite dangerous; 3% risk of failure)
Confirm with . or Enter, or press ? or * to list all spells.
The spell is quite dangerous to cast (3% risk of failure)!
Continue anyway?
Aiming: Lee's Rapid Deconstruction (quite dangerous; 3% risk of failure)
Press: ? - help, Dir - move target A metal wall.
The metal wall shatters!
The blast of metal fragments hits the steam dragon!!
You kill the steam dragon!
Sif Muna accepts your kill.
Your Fighting skill increases to level 1!
Your Staves skill increases to level 1!
Your Stealth skill increases to level 3!
Your Spellcasting skill increases to level 4!
Your Necromancy skill increases to level 1!
Your Invocations skill increases to level 7!
Unknown command.
You start resting.
A lindwurm is nearby!
Casting: Lee's Rapid Deconstruction (quite dangerous; 3% risk of failure)
Confirm with . or Enter, or press ? or * to list all spells.
Okay, then.
The lindwurm breathes flames at you. The blast of flame hits you!!
Ouch! That really hurt!
You die...

####### _____.# _____.#
___...###########++######
#####'##................#
')))'.##......#..#......#
#####.##........@.......+
.......'................+
##'#####......#..#......#
#.....##................#
#####'#####'#####''######
#.....##.......##k'#
#.....##.......##...
###'####.......##....
#.....##...<...##..ยง..


You could see a lindwurm (catching breath).

Vanquished Creatures
  A red devil (D)
  A steam dragon (D)
  A floating eye (D)
  An orc priest (D)
  A gnoll shaman (D)
  A worker ant (D)
  2 orc wizards (D)
  A gnoll (D)
  3 adders (D)
  A river rat (D)
  2 worms (D)
  2 leopard geckos (D)
  2 orcs (D)
  A quokka (D)
  4 ball pythons (D)
  2 bats (D)
  A frilled lizard (D)
  A rat (D)
28 creatures vanquished.

Notes
Turn   | Place    | Note
-------+----------+-------------------------------------------
     0 | D        | rocky1 the Octopode Earth Elementalist began the quest for
                  | the Orb.
     0 | D        | Reached XP level 1. HP: 11/11 MP: 3/3
    14 | D        | Reached skill level 5 in Earth Magic
    14 | D        | Reached XP level 2. HP: 17/17 MP: 1/5
    85 | D        | Found a bloodstained altar of Trog.
    85 | D        | Found a shimmering blue altar of Sif Muna.
    85 | D        | Found a viscous altar of Jiyva.
    85 | D        | Found a hazy altar of Hepliaklqana.
    85 | D        | Found an opulent altar of Gozag.
    86 | D        | Found a glowing golden altar of the Shining One.
    86 | D        | Found a glowing silver altar of Zin.
    86 | D        | Found a basalt altar of Yredelemnul.
    86 | D        | Found a shimmering altar of Xom.
    86 | D        | Found an ornate altar of the Wu Jian Council.
    86 | D        | Found a sacrificial altar of Ru.
    86 | D        | Found a stormy altar of Qazlal.
    86 | D        | Found an iron altar of Okawaru.
    86 | D        | Found a sparkling altar of Nemelex Xobeh.
    86 | D        | Found a burning altar of Makhleb.
    86 | D        | Found a blossoming altar of Fedhas.
    86 | D        | Found a white marble altar of Elyvilon.
    86 | D        | Found a shadowy altar of Dithmenos.
    86 | D        | Found a snail-covered altar of Cheibriados.
    89 | D        | Found a corrupted altar of Lugonu.
    89 | D        | Found a radiant altar of Vehumet.
    90 | D        | Found an ancient bone altar of Kikubaaqudgha.
    90 | D        | Found a hide-covered altar of Uskayaw.
    90 | D        | Found a broken altar of Ashenzari.
    91 | D        | Became a worshipper of Sif Muna the Loreminder
   205 | D        | Reached * piety under Sif Muna
   391 | D        | Reached skill level 6 in Earth Magic
   391 | D        | Reached XP level 3. HP: 1/21 MP: 0/6
   400 | D        | Reached ** piety under Sif Muna
   403 | D        | Reached skill level 7 in Earth Magic
   691 | D        | Learned a level 3 spell: Stone Arrow
   700 | D        | Noticed a floating eye
   704 | D        | Paralysed by a floating eye for 4 turns
   710 | D        | Reached skill level 1 in Conjurations
   710 | D        | Reached skill level 8 in Earth Magic
   710 | D        | Reached skill level 1 in Invocations
   710 | D        | Reached XP level 4. HP: 13/27 MP: 4/7
   712 | D        | Paralysed by a floating eye for 3 turns
   715 | D        | Killed a floating eye
   715 | D        | Reached *** piety under Sif Muna
   716 | D        | Reached XP level 5. HP: 31/31 MP: 2/10
   718 | D        | Reached skill level 9 in Earth Magic
   726 | D        | Reached **** piety under Sif Muna
   773 | D        | Reached XP level 6. HP: 36/36 MP: 7/11
   941 | D        | Learned a level 5 spell: Lee's Rapid Deconstruction
   942 | D        | Reached ***** piety under Sif Muna
   942 | D        | Identified Sif Muna's Catalogue of Contamination and the
                  | Frostbite (Sif Muna gifted it to you in the Dungeon)
   942 | D        | Received a gift from Sif Muna
   943 | D        | Reached skill level 5 in Dodging
   943 | D        | Reached skill level 5 in Invocations
  1109 | D        | Noticed a red devil
  1114 | D        | Killed a red devil
  1115 | D        | Reached skill level 11 in Earth Magic
  1115 | D        | Reached XP level 7. HP: 41/41 MP: 1/12
  1322 | D        | Noticed a lindwurm
  1322 | D        | Noticed a steam dragon
  1329 | D        | Killed a steam dragon
  1330 | D        | Reached skill level 1 in Fighting
  1330 | D        | Reached skill level 1 in Staves
  1330 | D        | Reached skill level 1 in Necromancy
  1332 | D        | Killed from afar by a lindwurm

Illustrated notes

Levels and vault maps discovered:
D:        pitsprint [storerooms_1, entrance_room_1, metal_vault_4, armoury_1,
          mini_pit_1, grid_room_1, main_hall_1, silver_pit, the_coven_3,
          the_vestibule_1, steel_vault_2, golden_pit, hallway_of_sentries,
          crystal_vault_4, iron_vault_2, final_vault]

Skill      XL: |  1  2  3  4  5  6  7 |
---------------+----------------------+-----
Earth Magic    | 5 6 8 9 11 | 11.3
Conjurations   | 1 3 |  3.8
Invocations    | 1 3 4 6 7 |  7.1
Dodging        | 4 6 |  6.9
Spellcasting   | 3 4 |  4.1
Fighting       | 1 |  1.2
Staves         | 1 |  1.2
Stealth        | 3 |  3.5
Necromancy     | 1 |  1.2
Transmutations | |  1.7

Action                   |  1- 3 |  4- 6 |  7- 9 || total
-------------------------+-------+-------+-------++-------
Melee: Unarmed           |    16 |       |       ||    16
       Constrict         |     6 |     4 |       ||    10
       Tentacles         |     1 |     1 |       ||     2
       Quarterstaff      |     2 |    15 |       ||    17
 Cast: Sandblast         |    12 |    10 |     1 ||    23
       Lee's Rapid Decon |       |     3 |     3 ||     6
Invok: Channel Magic     |       |       |     2 ||     2
  Use: Potion            |     3 |     1 |       ||     4
 Stab: Sleeping          |     3 |       |       ||     3
Armor: Skin              |     2 |     3 |       ||     5
Dodge: Dodged            |    16 |    14 |     1 ||    31

Table legend: (Time is in decaauts)
 A = Elapsed time spent in this place.
 B = Non-inter-level travel time spent in this place.
 C = Inter-level travel time spent in this place.
 D = Time resting spent in this place.
 E = Time spent auto-exploring this place.
 F = Levels seen in this place.
 G = Mean time per level.
                   A        B        C        D        E       F      G
               +--------+--------+--------+--------+--------+-----+--------+
         Total |   1335 |   1299 |     36 |    967 |      0 |   1 | 1335.0 |
       Dungeon |   1335 |   1299 |     36 |    967 |      0 |   1 | 1335.0 |
               +--------+--------+--------+--------+--------+-----+--------+

Top non-repeatable levels by time:
       D: 1335 daAuts
